 Dungeon Crawl Stone Soup version 0.18-a0-1225-g5d63bca (webtiles) character file.

555 Duffy the Cudgeler (level 7, 57/57 HPs)
             Began as a White Draconian Fighter on Feb 3, 2016.
             Quit the game on level 5 of the Dungeon.
             The game lasted 00:03:22 (3960 turns).

Duffy the Cudgeler (White Draconian Fighter)        Turns: 3960, Time: 00:03:22

Health: 57/57      AC:  7    Str: 22    XL:     7   Next: 8%
Magic:  7/7        EV: 10    Int:  8    God:
Gold:   180        SH: 10    Dex: 12    Spells: 0 memorised, 6 levels left

rFire  . . .     SeeInvis .     a - +0 flail
rCold  + . .     Gourm    .     (armour unavailable)
rNeg   . . .     Faith    .     b - +0 shield
rPois  .         Spirit   .     (helmet restricted)
rElec  .         Dismiss  .     (no cloak)
rCorr  +         Reflect  .     k - +0 pair of gloves
SustAt .         Harm     .     (no boots)
MR     .....                    (no amulet)
Stlth  +.........               E - ring of resist corrosion
                                h - +3 ring of strength

@: not resistant to hostile enchantments, very unstealthy
A: breathe frost, unfitting armour, cold resistance 1, cold-blooded, AC +6
a: Breathe Frost


You were on level 5 of the Dungeon.
You were hungry.

You visited 1 branch of the dungeon, and saw 5 of its levels.

You collected 180 gold pieces.


Innate Abilities, Weirdness & Mutations

You can breathe waves of freezing cold.
You can buffet flying creatures when you breathe cold.
Your icy white scales are hard (AC +6).
Your body does not fit into most forms of armour.
Your flesh is cold resistant.
You are cold-blooded and may be slowed by cold attacks.


   Skills:
 - Level 3.2 Fighting
 + Level 7.0 Maces & Flails
 - Level 2.6 Dodging
 - Level 4.5 Shields


You had 6 spell levels left.
You didn't know any spells.

Inventory:

Hand Weapons
 a - a +0 flail (weapon)
Missiles
 p - 6 javelins (quivered)
Armour
 b - a +0 shield (worn)
 k - a +0 pair of gloves (worn)
Jewellery
 e - an uncursed ring of fire
 h - a +3 ring of strength (left hand)
 w - an uncursed ring of stealth
 y - a +2 ring of strength
 E - a ring of resist corrosion (right hand)
Wands
 B - a wand of acid (10/15)
 C - a wand of paralysis (7/24)
Scrolls
 i - 2 scrolls of random uselessness {unknown}
 l - 4 scrolls of remove curse {unknown}
 m - a scroll of magic mapping {unknown}
 n - 4 scrolls of identify {unknown}
 q - 4 scrolls of immolation {unknown}
Potions
 c - 2 potions of might
 f - 2 potions of heal wounds {unknown}
 j - a potion of resistance {unknown}
 o - a potion of invisibility {unknown}
 r - a potion of curing {unknown}
 t - 2 potions of haste {unknown}
 v - a potion of agility {unknown}
 z - 4 potions of poison {unknown}
 A - a potion of ambrosia {unknown}
Books
 u - a book of Party Tricks
Comestibles
 d - 4 bread rations
 g - 4 meat rations
 s - a chunk of flesh
 x - a royal jelly
 D - a slice of pizza

Dungeon Overview and Level Annotations

Branches:
Dungeon (5/15)
 Temple: D:4-7

Altars:
Dithmenos
Okawaru
Trog
Vehumet
Xom
Zin


Message History

No target in view!
No target in view!
No target in view!
An orc comes into view. It is wielding a falchion.
An orc is nearby!
An orc is nearby!
You closely miss the orc. The orc barely misses you.
You sock the orc!
You kill the orc!
You are feeling hungry.
No target in view!
No target in view!
No target in view!
No target in view!
No target in view!
No target in view!
No target in view!
No target in view!
No target in view!
No target in view!
No target in view!
No target in view!
No target in view!
No target in view!
No target in view!
No target in view!
No target in view!
No target in view!
Things that are here:
a falchion; a glowing ring mail; an orc corpse You butcher the orc corpse.
s - a chunk of flesh
Things that are here:
a falchion; a glowing ring mail Are you sure you want to abandon this character and quit the game? (Confirm with "yes".)

#............##.%..#
#...
#............###.###
#.## #............#
#.# #.#
#............# #.#
#.# #.........####
#.# #.# ######....#
#.# #.# #....# #.#
#.# #....# #.#
#####.# ##...# #@#
#....<# #...# #.#
####### #.>.# #.#
#...# #.# #...# #.#
#...# #.#
#...######.#
#.......##.#
#.#.......


There were no monsters in sight!

Action                   |  1- 3 |  4- 6 |  7- 9 || total
-------------------------+-------+-------+-------++-------
Melee: Flail             |   166 |   186 |     5 ||   357
 Stab: Sleeping          |     3 |     2 |       ||     5
  Eat: Chunk             |     3 |     7 |       ||    10

Notes
Turn   | Place    | Note
--------------------------------------------------------------
     0 | D:1      | Duffy the Draconian Fighter began the quest for the Orb.
     0 | D:1      | Reached XP level 1. HP: 19/19 MP: 1/1
   244 | D:1      | Reached XP level 2. HP: 26/26 MP: 2/2
   890 | D:2      | Found an iron altar of Okawaru.
   917 | D:2      | Reached XP level 3. HP: 31/31 MP: 3/3
   987 | D:2      | Found a radiant altar of Vehumet.
   995 | D:2      | Reached skill level 3 in Maces & Flails
  1412 | D:2      | Found a shadowy altar of Dithmenos.
  1507 | D:3      | Reached skill level 4 in Shields
  1656 | D:3      | Reached XP level 4. HP: 28/38 MP: 4/4
  2724 | D:3      | Noticed Robin
  2730 | D:3      | Reached XP level 5. HP: 45/45 MP: 5/5
  2733 | D:3      | Reached skill level 4 in Maces & Flails
  2758 | D:3      | Killed Robin
  2954 | D:4      | Found a shimmering altar of Xom.
  3027 | D:4      | Reached skill level 5 in Maces & Flails
  3266 | D:4      | Found a bloodstained altar of Trog.
  3273 | D:4      | Reached XP level 6. HP: 51/51 MP: 6/6
  3516 | D:4      | Found a glowing silver altar of Zin.
  3517 | D:4      | Noticed an angel
  3571 | D:5      | Entered Level 5 of the Dungeon
  3682 | D:5      | Noticed Menkaure
  3690 | D:5      | Killed Menkaure
  3690 | D:5      | Reached skill level 6 in Maces & Flails
  3748 | D:5      | Noticed a sky beast
  3768 | D:5      | Killed a sky beast
  3768 | D:5      | Reached skill level 7 in Maces & Flails
  3768 | D:5      | Reached XP level 7. HP: 42/57 MP: 7/7
  3768 | D:5      | Gained mutation: Your flesh is cold resistant. [White Draconian growth]
  3960 | D:5      | Quit the game

Vault maps used:
D:1:      lordsloth_arrival_two_stooges, minmay_unequal
D:2:      grunt_dithmenos_smoke, vehumet_crystals, okawaru_gym_becter,
          first_bread
D:3:      uniq_robin
D:4:      lemuel_doored_altar, nicolae_overflow_crystal_walls, zin_angel
D:5:      nicolae_ru_path_of_blood, minmay_misc_feat_enclosed, uniq_menkaure

Vanquished Creatures
  Menkaure
  A sky beast
  A crimson imp
  An orc priest
  A giant frog skeleton
  An orc wizard
  2 worker ants Robin
  4 adders
  7 worms
  4 giant geckos
  16 orcs
  10 bats
  5 giant cockroaches
  13 goblins
  13 hobgoblins
  3 quokkas
  A ball python
  5 giant newts
  7 kobolds
  A quokka skeleton
  A quokka zombie
  7 rats
106 creatures vanquished.
